details: '3v4 carry'

« prev index next »

General information

Mini Map

Players

team 1
Humanihaveretired (green | 61 APM | 1513 actions | 24:49)
Hero icon 5 Archmage
Ability icon 3 Summon Water Elemental
Ability icon 2 Brilliance Aura

» actions
Assign group hotkey37
Basic commands22
Build / train73
ESC pressed3
Enter build submenu26
Enter hero's abilities submenu5
Give item / drop item1
Remove unit from queue2
Right click388
Select / deselect533
Select group hotkey346
Use ability76
1513 total
» units
Peasant16
Footman9
Knight11
Priest12
48 total
» upgrades
Defend1
Lumber Harvesting2
Swords3
Priest Training2
Plating3
Animal War Training1
12 total
» buildings
Altar of Kings1
Barracks2
Farm15
Lumber Mill1
Town Hall2
Keep1
Blacksmith1
Castle1
Arcane Vault1
Arcane Sanctum1
26 total
» build order
00:06 Altar of Kings
00:12 Barracks
00:19 Farm
00:40 Farm
01:35 Lumber Mill
03:28 Town Hall
03:45 Farm
04:37 Barracks
04:42 Farm
05:32 Keep
06:00 Farm
06:46 Blacksmith
08:06 Castle
08:22 Arcane Vault
08:51 Arcane Sanctum
11:40 Farm
11:41 Farm
11:46 Farm
12:19 Farm
12:22 Farm
13:22 Farm
13:23 Farm
13:59 Farm
14:03 Farm
14:03 Farm
23:50 Town Hall
» items
Scroll of Town Portal3
Potion of Healing1
4 total
Random» NightElfMemory[Oure] (orange | 52 APM | 1341 actions | 25:39)
Hero icon 5 Demon Hunter
Ability icon 3 Immolation
Ability icon 2 Mana Burn

» actions
Assign group hotkey63
Build / train64
Enter build submenu18
Enter hero's abilities submenu5
Remove unit from queue1
Right click817
Select / deselect253
Select group hotkey71
Use ability49
1341 total
» units
Wisp10
Huntress5
Druid of the Claw8
Dryad21
Glaive Thrower3
47 total
» upgrades
Druid of the Claw Training2
Strength of the Wild3
Reinforced Hides2
Mark of the Claw1
Abolish Magic1
9 total
» buildings
Altar of Elders1
Moon Well7
Ancient of War1
Hunter's Hall1
Tree of Ages1
Ancient Protector2
Ancient of Lore2
Tree of Eternity1
Tree of Life1
17 total
» build order
00:08 Altar of Elders
00:11 Moon Well
00:14 Ancient of War
01:46 Hunter's Hall
02:14 Moon Well
03:34 Tree of Ages
04:53 Moon Well
05:03 Ancient Protector
06:00 Ancient of Lore
07:03 Ancient of Lore
07:29 Moon Well
08:07 Tree of Eternity
09:08 Moon Well
14:22 Moon Well
20:26 Tree of Life
21:11 Ancient Protector
23:00 Moon Well
Random» Undeadojuc (yellow | 48 APM | 1199 actions | 25:13)
Hero icon 5 Death Knight
Ability icon 3 Unholy Aura
Ability icon 2 Death Coil
Hero icon 3 Pit Lord
Ability icon 2 Rain of Fire
Ability icon 1 Howl of Terror
Hero icon 2 Naga Sea Witch
Ability icon 1 Forked Lightning
Ability icon 1 Frost Arrows

» actions
Assign group hotkey31
Build / train57
Enter build submenu20
Enter hero's abilities submenu11
Give item / drop item1
Right click708
Select / deselect200
Select group hotkey112
Use ability59
1199 total
» units
Acolyte8
Ghoul4
Crypt Fiend11
Obsidian Statue5
28 total
» upgrades
Creature Attack3
Creature Carapace3
Web1
Burrow1
8 total
» buildings
Crypt2
Altar of Darkness1
Ziggurat8
Graveyard1
Tomb of Relics1
Halls of the Dead1
Necropolis1
Slaughterhouse1
Nerubian Tower3
Black Citadel1
Temple of the Damned1
21 total
» build order
00:22 Crypt
00:30 Altar of Darkness
00:37 Ziggurat
01:29 Graveyard
01:37 Crypt
01:49 Ziggurat
04:13 Ziggurat
04:53 Tomb of Relics
05:55 Halls of the Dead
07:37 Ziggurat
08:34 Necropolis
09:57 Slaughterhouse
10:25 Ziggurat
13:29 Ziggurat
13:32 Ziggurat
13:35 Nerubian Tower
13:45 Black Citadel
15:31 Ziggurat
15:35 Temple of the Damned
18:17 Nerubian Tower
18:18 Nerubian Tower
» items
Sacrificial Skull1
Scroll of Healing1
Scroll of Town Portal1
3 total
NightElfCreativeLiquid (teal | 32 APM | 813 actions | 25:01)
Hero icon 7 Demon Hunter
Ability icon 1 Mana Burn
Ability icon 3 Immolation
Ability icon 3 Evasion
Hero icon 1 Pandaren Brewmaster
Ability icon 1 Drunken Haze
Hero icon 1 Pit Lord
Ability icon 1 Howl of Terror

» actions
Assign group hotkey8
Build / train98
Enter build submenu27
Enter hero's abilities submenu8
Remove unit from queue3
Right click224
Select / deselect159
Select group hotkey232
Use ability54
813 total
» units
Wisp36
Druid of the Talon2
Hippogryph4
Chimaera4
Green Dragon1
47 total
» upgrades
Ultravision1
Corrosive Breath1
Strength of the Wild1
Reinforced Hides1
Well Spring1
5 total
» buildings
Altar of Elders1
Moon Well9
Tree of Ages1
Ancient of War2
Hunter's Hall1
Tree of Eternity1
Ancient Protector5
Ancient of Wind2
Chimaera Roost4
26 total
» build order
00:04 Altar of Elders
00:06 Moon Well
02:10 Tree of Ages
02:15 Moon Well
02:17 Moon Well
02:23 Moon Well
03:26 Ancient of War
03:28 Hunter's Hall
04:20 Moon Well
04:24 Moon Well
04:43 Moon Well
05:03 Ancient of War
05:32 Tree of Eternity
07:07 Ancient Protector
07:09 Ancient Protector
07:16 Ancient of Wind
08:39 Chimaera Roost
08:57 Ancient Protector
09:03 Ancient Protector
10:57 Moon Well
12:08 Chimaera Roost
12:11 Chimaera Roost
12:16 Chimaera Roost
12:39 Ancient Protector
13:20 Moon Well
15:08 Ancient of Wind
team 2
OrcHoneyBlunt (blue | 66 APM | 1685 actions | 25:40)
Hero icon 7 Tauren Chieftain
Ability icon 3 War Stomp
Ability icon 3 Endurance Aura
Ability icon 1 Reincarnation
Hero icon 5 Shadow Hunter
Ability icon 3 Hex
Ability icon 2 Healing Wave
Hero icon 6 Far Seer
Ability icon 2 Feral Spirit
Ability icon 3 Chain Lighting
Ability icon 1 Earth Quake

» actions
Assign group hotkey24
Basic commands89
Build / train80
Enter build submenu22
Enter hero's abilities submenu18
Give item / drop item4
Right click654
Select / deselect361
Select group hotkey287
Use ability146
1685 total
» units
Peon12
Grunt5
Goblin Shredder1
Tauren7
Shaman3
Troll Witch Doctor4
32 total
» upgrades
Melee Weapons2
Armor2
Berserker Strength1
Shaman Training2
Witch Doctor Training2
Reinforced Defenses1
Pulverize1
Spirit Walker Training1
12 total
» buildings
Barracks1
Altar of Storms1
Orc Burrow8
Voodoo Lounge1
Stronghold2
War Mill1
Great Hall2
Watch Tower11
Fortress2
Spirit Lodge2
Tauren Totem2
33 total
» build order
00:22 Barracks
00:37 Altar of Storms
01:07 Orc Burrow
01:56 Orc Burrow
02:00 Voodoo Lounge
03:34 Stronghold
03:58 War Mill
04:35 Orc Burrow
06:13 Great Hall
06:35 Watch Tower
06:36 Watch Tower
06:39 Watch Tower
08:46 Fortress
08:50 Spirit Lodge
10:45 Orc Burrow
10:49 Spirit Lodge
11:41 Tauren Totem
11:51 Watch Tower
13:06 Tauren Totem
14:28 Orc Burrow
14:30 Orc Burrow
14:32 Orc Burrow
14:33 Orc Burrow
14:48 Watch Tower
14:50 Watch Tower
14:51 Watch Tower
14:53 Watch Tower
19:20 Watch Tower
19:21 Watch Tower
19:23 Watch Tower
21:20 Stronghold
22:02 Great Hall
23:43 Fortress
» items
Healing Salve4
Lesser Clarity Potion2
Boots of Speed1
Potion of Lesser Invulnerability1
Periapt of Vitality1
Orb of Lightning1
Scroll of Town Portal1
11 total
Random» HumanNOOB_STALKER (red | 31 APM | 800 actions | 25:40)
Hero icon 4 Mountain King
Ability icon 2 Storm Bolt
Ability icon 2 Bash
Hero icon 3 Blood Mage
Ability icon 2 Flame Strike
Ability icon 1 Banish

» actions
Basic commands48
Build / train85
Enter build submenu25
Enter hero's abilities submenu7
Give item / drop item2
Right click292
Select / deselect282
Use ability59
800 total
» units
Peasant16
Footman5
Mortar Team8
Siege Engine3
Flying Machine11
Knight1
44 total
» upgrades
Masonry2
Gunpowder3
Plating1
Lumber Harvesting2
Barrage1
Flying Machine Bombs1
Flak Cannons1
11 total
» buildings
Farm10
Altar of Kings1
Scout Tower5
Barracks1
Arcane Tower1
Arcane Vault1
Lumber Mill1
Keep1
Guard Tower4
Blacksmith1
Workshop3
Castle1
Town Hall1
31 total
» build order
00:10 Farm
00:17 Altar of Kings
00:21 Scout Tower
00:38 Barracks
01:17 Farm
01:56 Arcane Tower
02:04 Farm
02:30 Arcane Vault
03:12 Lumber Mill
03:31 Farm
03:42 Keep
04:16 Scout Tower
04:47 Guard Tower
04:58 Scout Tower
05:03 Farm
05:33 Guard Tower
05:56 Farm
06:02 Blacksmith
07:28 Workshop
07:29 Castle
08:32 Workshop
08:59 Farm
09:15 Workshop
09:59 Town Hall
10:11 Scout Tower
11:36 Farm
13:17 Farm
13:18 Guard Tower
15:07 Farm
20:20 Scout Tower
21:12 Guard Tower
» items
Lesser Clarity Potion1
Orb of Fire2
Scroll of Regeneration3
Potion of Healing3
Scroll of Town Portal5
14 total
HumanwithOutme (purple | 1 APM | 25 actions | 25:40)

» actions
Build / train5
Enter build submenu2
Right click8
Select / deselect8
Use ability2
25 total
» units
Peasant5
5 total
» buildings
Altar of Kings1
Farm1
2 total
» build order
00:08 Altar of Kings
00:13 Farm
Random» NightElfTZV.BlackRaven (pink | 70 APM | 1787 actions | 25:40)
Hero icon 5 Demon Hunter
Ability icon 3 Immolation
Ability icon 2 Evasion
Hero icon 4 Priestess of the Moon
Ability icon 2 Trueshot Aura
Ability icon 2 Searing Arrows

» actions
Assign group hotkey66
Basic commands59
Build / train86
Enter build submenu20
Enter hero's abilities submenu9
Give item / drop item5
Remove unit from queue3
Right click787
Select / deselect305
Select group hotkey382
Use ability65
1787 total
» units
Wisp22
Huntress5
Furbolg Shaman1
Thunder Lizard1
Hippogryph11
Chimaera4
44 total
» upgrades
Strength of the Wild3
Reinforced Hides3
Well Spring1
Corrosive Breath1
8 total
» buildings
Altar of Elders1
Moon Well9
Ancient of War1
Hunter's Hall1
Ancient of Wonders1
Ancient Protector5
Tree of Ages1
Tree of Eternity1
Ancient of Wind1
Tree of Life2
Chimaera Roost2
25 total
» build order
00:36 Altar of Elders
00:43 Moon Well
00:45 Moon Well
02:07 Ancient of War
02:20 Hunter's Hall
02:57 Ancient of Wonders
03:01 Moon Well
03:03 Moon Well
03:51 Ancient Protector
03:55 Ancient Protector
04:03 Ancient Protector
04:17 Ancient Protector
04:26 Ancient Protector
05:04 Tree of Ages
06:23 Moon Well
06:25 Moon Well
08:37 Tree of Eternity
11:26 Ancient of Wind
12:58 Tree of Life
13:21 Chimaera Roost
13:23 Chimaera Roost
21:04 Moon Well
21:05 Moon Well
21:06 Moon Well
23:47 Tree of Life
» items
Lesser Clarity Potion3
Moonstone2
Scroll of Regeneration4
Dust of Appearance1
Potion of Healing4
Staff of Preservation1
Orb of Venom1
Scroll of Town Portal2
18 total

Chat log

(00:24 / Allies) NOOB_STALKER: units?
(00:54 / Allies) TZV.BlackRaven: air for me
(01:02 / Allies) NOOB_STALKER: tanks and morts

(03:27 / All) NOOB_STALKER: teal u suck
(03:37 / All) CreativeLiquid: annoying aren't i?
(04:06 / All) NOOB_STALKER: no u are just bad

(05:44 / Allies) HoneyBlunt: hi puprple
(05:49 / Allies) HoneyBlunt: are u there?
(06:08 / All) CreativeLiquid: you think I should?
(06:16 / All) HoneyBlunt: bs them? yes.
(06:51 / All) CreativeLiquid: cheap item red
(07:38 / All) CreativeLiquid: come back pink

(10:34 / All) CreativeLiquid: i can't make wisps fast enough to harvest it
(10:48 / All) CreativeLiquid: ty
(11:12 / All) CreativeLiquid: crap

(12:57 / All) ihaveretired: pr0 red

(14:11 / All) NOOB_STALKER: wtf

(15:15 / Allies) HoneyBlunt: TP TO ME

(17:35 / All) Memory[Oure]: WTF
(18:25 / All) NOOB_STALKER: wood me
(18:51 / All) ihaveretired: nub blue

(25:17 / All) HoneyBlunt: this one fgoes out to all the mothers out there
(25:26 / All) HoneyBlunt: i love umom
(25:29 / All) NOOB_STALKER: bitches